 Dungeon Crawl Stone Soup version 0.19-a0-944-gb338e1e (webtiles) character file.

300 Gagarin the Conjurer (level 6, 0/47 HPs)
             Began as a Draconian Conjurer on July 7, 2016.
             Killed by divine providence
             ... invoked by an orc priest
              (10 damage)
             ... on level 4 of the Dungeon on July 8, 2016.
             The game lasted 00:13:17 (3853 turns).

Gagarin the Conjurer (Draconian Conjurer)           Turns: 3853, Time: 00:13:18

Health: 0/47       AC:  6    Str:  8 (11) XL:     6   Next: 13%
Magic:  0/10       EV: 13    Int: 17      God:
Gold:   161        SH:  0    Dex: 11      Spells: 3 memorised, 5 levels left

rFire  . . .     SeeInvis .       - Unarmed
rCold  . . .     Gourm    .     (armour unavailable)
rNeg   . . .     Faith    .     (no shield)
rPois  .         Spirit   .     (helmet restricted)
rElec  .         Dismiss  .     (no cloak)
rCorr  .         Reflect  .     (no gloves)
SustAt .         Harm     .     (no boots)
MR     .....                    (no amulet)
Stlth  ++........               (no ring)
                                (no ring)

@: very slightly contaminated, hasted, very quick, not resistant to hostile
enchantments, unstealthy
A: unfitting armour, cold-blooded, AC +6
a: no special abilities


You were on level 4 of the Dungeon.
You were not hungry.

You visited 1 branch of the dungeon, and saw 4 of its levels.

You collected 161 gold pieces.

Inventory:

Jewellery
 h - an uncursed ring of flight {unknown}
 r - an uncursed ring of ice {unknown}
Scrolls
 c - a scroll of fear {unknown}
 d - 3 scrolls of remove curse {unknown}
 e - a scroll of enchant armour {unknown}
 i - a scroll of random uselessness {unknown}
 m - a scroll of recharging {unknown}
 n - 2 scrolls of blinking {unknown}
 p - 2 scrolls of identify {unknown}
 q - 2 scrolls of teleportation {unknown}
Potions
 g - a potion of degeneration
 l - a potion of curing
Books
 a - a book of Conjurations

   Spells                             Type                      Level
   a - Magic Dart                     Conjuration                  1
   b - Searing Ray                    Conjuration                  2
   c - Dazzling Spray                 Conjuration/Hexes            3
   d - Fulminant Prism                Conjuration/Hexes            4
   e - Iskenderun's Mystic Blast      Conjuration                  4
   f - Iskenderun's Battlesphere      Conjuration/Charms           5
Comestibles
 b - a bread ration
 f - a royal jelly
 j - a chunk of flesh


   Skills:
 + Level 1.5 Fighting
 + Level 3.9 Dodging
 + Level 2.4 Stealth
 + Level 1.2 Unarmed Combat
 + Level 3.0 Spellcasting
 + Level 4.9 Conjurations


You had 5 spell levels left.
You knew the following spells:

 Your Spells              Type           Power        Failure   Level  Hunger
a - Magic Dart            Conj           ###.         2%          1    None
b - Searing Ray           Conj           ###...       3%          2    ##.....
c - Dazzling Spray        Conj/Hex       ##....       21%         3    ###....


Dungeon Overview and Level Annotations

Branches:
Dungeon (4/15)
 Temple: D:4-7

Altars:
Ashenzari
Fedhas
Qazlal
Xom
Yredelemnul

Shops:
D:4 (


Innate Abilities, Weirdness & Mutations

Your plain brown scales are hard. (AC +6)
Your body does not fit into most forms of armour.
You are cold-blooded and may be slowed by cold attacks.


Message History

You closely miss the orc priest.
The orc priest is heavily wounded.
The orc priest hits you but does no damage.
The orc priest hits you with a short sword.
An orc comes into view. It is wielding a hand axe.
You hit the orc priest.
The orc priest is severely wounded.
You hit the orc priest but do no damage.
You punch the orc priest, but do no damage.
The orc priest is severely wounded.
The orc priest calls down the wrath of Beogh upon you.
Beogh smites you!
* * * LOW HITPOINT WARNING * * *
The orc priest misses you.
You completely miss the orc priest.
The orc priest is severely wounded.
The orc priest is no longer blind.
The orc priest calls down the wrath of Beogh upon you.
Beogh smites you!
You die... ####### ..## #...... ..# #.##### ..# ######.## # ##.## #.......# # #.o.# #.####∩.#### #...# #.##.......# #ooo#

#.....)..#.#
.####.@.####.##.##.#..#
#...................#..#
#.........[......##.#...
#.............#####.....
#.####...####.#####.#.##
# ##...## #.......#.##
#.....# #######.#.##
##...## ##.#.## #####
##.## #......


You could see 3 orc priests and an orc.

Vanquished Creatures
  A water moccasin (D:4)
  A centaur skeleton (D:4)
  A worker ant (D:4)
  4 adders
  2 worms (D:2)
  4 giant geckos
  8 orcs
  3 ball pythons
  2 giant cockroaches (D:4)
  11 goblins
  4 hobgoblins
  10 jackals
  8 kobolds
  12 bats
  3 giant newts
  10 rats
84 creatures vanquished.

Notes
Turn   | Place    | Note
-------+----------+-------------------------------------------
     0 | D:1      | Gagarin the Draconian Conjurer began the quest for the Orb.
     0 | D:1      | Reached XP level 1. HP: 14/14 MP: 3/3
    64 | D:1      | You fall through a shaft!
   104 | D:2      | Reached XP level 2. HP: 10/20 MP: 0/5
   357 | D:2      | Learned a level 2 spell: Searing Ray
   458 | D:2      | Reached XP level 3. HP: 26/26 MP: 2/6
  1136 | D:2      | Upgraded the game from 0.19-a0-934-gf1df8d1 to 0.19-a0-944-gb338e1e
  1579 | D:2      | Reached XP level 4. HP: 34/34 MP: 0/7
  1751 | D:2      | Found a shattered altar of Ashenzari.
  2479 | D:3      | Found a shimmering altar of Xom.
  2482 | D:3      | Found a basalt altar of Yredelemnul.
  2485 | D:3      | Found a blossoming altar of Fedhas.
  2650 | D:4      | Noticed a water moccasin
  2672 | D:4      | Killed a water moccasin
  2672 | D:4      | Reached skill level 1 in Fighting
  2672 | D:4      | Reached skill level 1 in Unarmed Combat
  2672 | D:4      | Reached XP level 5. HP: 9/40 MP: 0/9
  3022 | D:4      | HP: 2/40 [centaur skeleton (5)]
  3038 | D:4      | Reached XP level 6. HP: 5/47 MP: 0/10
  3319 | D:4      | Learned a level 3 spell: Dazzling Spray
  3359 | D:4      | Found Ugodghez's Antique Weapon Boutique.
  3787 | D:4      | Found a stormy altar of Qazlal.
  3853 | D:4      | Killed from afar by an orc priest

Vault maps used:
D:1:      scummos_arrival_forest
D:2:      lemuel_coloured_pillars_altar, minmay_misc_feat_chi
D:3:      grunt_temple_overflow_diamond
D:4:      gammafunk_temple_overflow_elements, serial_shops, shop,
          grunt_qazlal_sundering, uniq_crazy_yiuf_cottage

Skill      XL: |  1  2  3  4  5 |
---------------+----------------+-----
Dodging        | 2 3 |  3.9
Stealth        | 2 |  2.4
Fighting       | 1 |  1.5
Unarmed Combat | 1 |  1.2
Spellcasting   | 3 |  3.0
Conjurations   | |  4.9

Action                   |  1- 3 |  4- 6 || total
-------------------------+-------+-------++-------
Melee: Unarmed           |    65 |   125 ||   190
       Tailslap          |     4 |    13 ||    17
       Punch             |       |     1 ||     1
 Cast: Magic Dart        |    52 |    32 ||    84
       Searing Ray       |     5 |     9 ||    14
       Dazzling Spray    |       |     3 ||     3
  Use: Potion            |       |     6 ||     6
 Stab: Sleeping          |       |     2 ||     2
  Eat: Chunk             |     3 |     4 ||     7
       Bread ration      |       |     1 ||     1
Armor: Skin              |    47 |    42 ||    89
Dodge: Dodged            |    85 |   110 ||   195
